 Dungeon Crawl Stone Soup version 0.15-a0-1293-g4a08026 (webtiles) character file.

81 Chiseanne the Cutter (level 4, -2/37 HPs)
             Began as a Minotaur Wanderer on June 6, 2014.
             Killed from afar by an orc wizard (11 damage)
             ... with a puff of flame
             ... on Level 3 of the Dungeon.
             The game lasted 00:05:41 (2206 turns).

Chiseanne the Cutter (Minotaur Wanderer)            Turns: 2206, Time: 00:05:41

HP  -2/37        AC  5     Str 15      XL: 4   Next: 20%
MP  11/11        EV 11     Int  7      God:
Gold 51          SH  5     Dex 14      Spells:  0 memorised,  3 levels left

rFire  . . .     SeeInvis .     e - +0 club
rCold  . . .     Clarity  .     a - +0 leather armour
rNeg   . . .     rCorr    .     d - +0 buckler
rPois  .         rRot     .     (helmet restricted)
rElec  .         Spirit   .     r - +0 cloak
SustAb .         Warding  .     p - +0 pair of gloves
rMut   .         Stasis   .     (no boots)
Gourm  .                        (no amulet)
MR     .....                    (no ring)
                                m - ring of magical power

@: not resistant to hostile enchantments, unstealthy
A: retaliatory headbutt, horns 2
a: no special abilities


You were on level 3 of the Dungeon.
You were not hungry.

You visited 1 branch of the dungeon, and saw 3 of its levels.

You collected 51 gold pieces.

Inventory:

Hand weapons
 e - a +0,+0 club (weapon)
Missiles
 b - 2 throwing nets (quivered)
Armour
 a - a +0 leather armour (worn)
 d - a +0 buckler (worn)
 p - a +0 pair of gloves (worn)
 r - a +0 cloak (worn)
Comestibles
 g - 2 bread rations
 q - a meat ration
Scrolls
 c - 2 scrolls of teleportation
 i - 4 scrolls of identify {unknown}
 j - 2 scrolls of fog {unknown}
 l - a scroll of noise {unknown}
Jewellery
 m - a ring of magical power (left hand)
Potions
 h - 2 potions of brilliance {unknown}
 k - 2 potions of poison {unknown}
 n - a potion of might {unknown}
 o - a potion of heal wounds {unknown}
Books
 s - a book of Envenomations

   Spells                             Type                      Level
   Spider Form                        Transmutation/Poison         3
   Alistair's Intoxication            Transmutation/Poison         4
   Olgreb's Toxic Radiance            Poison                       4
   Poisonous Cloud                    Conjuration/Poison/Air       6


   Skills:
 * Level 2.8 Fighting
   Level 4.3 Short Blades
 * Level 2.3 Armour
 * Level 2.5 Dodging
 - Level 1.5 Stealth
 * Level 2.8 Shields


You had 3 spell levels left.
You didn't know any spells.

Dungeon Overview and Level Annotations

Branches:
Dungeon (3/15)

Altars:


Innate Abilities, Weirdness & Mutations

You reflexively headbutt those who attack you in melee.
You have a pair of horns on your head.


Message History

You hear some strange, mumbled words.
The magic dart hits you!
Ouch! Something hits you but does no damage.
Something hits you but does no damage.
You feel less confused.
You hit something.
You hear some strange, mumbled words.
Something tries to affect you, but you resist.
Something hits you.
You closely miss something. You block its attack.
You hit something but do no damage. Something hits you but does no damage.
You barely miss something. Something completely misses you.
You closely miss something. You block its attack. Something hits you.
* * * LOW HITPOINT WARNING * * *
You miss something. Your headbutt misses something. Something hits you.
* * * LOW HITPOINT WARNING * * *
You closely miss something. Your headbutt misses something.
You hear some strange, mumbled words.
The puff of flame hits you!
You die...

#....# #....# #....#
#....# #....######
####..#...# #......#
#########[....#####.
........<..@........
####################


There were no monsters in sight!

Vanquished Creatures
  2 adders (D:2)
  A gnoll (D:1)
  4 giant geckos
  An ooze (D:2)
  2 orcs (D:3)
  A ball python (D:2)
  5 bats
  10 goblins
  5 hobgoblins
  4 jackals (D:2)
  2 quokkas
  2 giant newts (D:1)
  3 kobolds
  4 rats
46 creatures vanquished.

Notes
Turn   | Place    | Note
--------------------------------------------------------------
     0 | D:1      | Chiseanne, the Minotaur Wanderer, began the quest for the Orb.
     0 | D:1      | Reached XP level 1. HP: 16/16 MP: 1/1
   171 | D:1      | Reached XP level 2. HP: 22/24 MP: 1/1
   196 | D:1      | Reached skill level 1 in Armour
   966 | D:1      | Reached XP level 3. HP: 29/29 MP: 2/2
  1786 | D:2      | Reached XP level 4. HP: 30/37 MP: 2/2
  2206 | D:3      | Killed from afar by an orc wizard

Action                   |  1- 3 |  4- 6 || total
-------------------------+-------+-------++-------
Melee: Club              |   104 |    59 ||   163
  Use: Potion            |       |     1 ||     1
 Stab: Sleeping          |     1 |       ||     1
